 Dungeon Crawl Stone Soup version 0.31-a0-986-g5e6e4ef867 (webtiles) character file.

Game seed: 13905654926755576542

1668312 MackTheKnife the Impregnable (level 25, 254/254 HPs)
             Began as an Armataur Fighter on Nov 3, 2023.
             Was a High Priest of Okawaru.
             Escaped with the Orb
             ... and 3 runes!
             The game lasted 02:06:27 (65640 turns).

MackTheKnife the Impregnable (Armataur Fighter)    Turns: 65640, Time: 02:06:28

Health: 254/254    AC: 57    Str: 35    XL:     25   Next: 6%
Magic:  53/53      EV: 11    Int: 22    God:    Okawaru [*****.]
Gold:   4014       SH: 22    Dex: 16    Spells: 25/36 levels left

rFire   + . .        M - +6 eveningstar of Destiny {heavy, Str+2, mace}
rCold   + . .        m - +2 kite shield {reflect}
rNeg    . . .        U - +8 crystal plate armour of Vlad {rF+ Will++ MP+9, rare=g}
rPois   +            W - +1 hat {SInv}
rElec   +            b - +2 cloak {Will+}
rCorr   .            S - +1 pair of gloves
SInv    +            N - +4 barding "Wevaoj" {MP+9 Int+2 Dex+4}
Will    ++++.        E - amulet of Usilusuf {Reflect rPois SH+5} Stlth
                     p - ring "Ohung" {rC+ Str+8 Int+6 Dex-5 Slay+3}
HPRegen 0.62/turn    e - ring "Naagoats" {Drain rElec AC+4 Int+4}
MPRegen 0.33/turn

%: reflection, roll
@: studying 2 skills
A: large, rugged brown scales 3, deformed body, armoured tail, roll, long
tongue, awkward tongue, hooves 1, horns 1, stinger 1, deterioration 1, high MP
1, shaggy fur 1, MP-powered wands
0: Orb of Zot
}: 3/15 runes: serpentine, barnacled, silver
a: Renounce Religion, Heroism, Finesse, Duel


You escaped.
You worshipped Okawaru.
Okawaru was extremely pleased with you.
You visited 10 branches of the dungeon, and saw 48 of its levels.
You also visited: Sewer.

You collected 7591 gold pieces.
You spent 3577 gold pieces at shops.


Innate Abilities, Weirdness & Mutations

You are completely covered in rugged brown scales. (AC +3, +7% HP)
Armour fits poorly on your strangely shaped body.
You have a long armoured tail.
You roll when moving toward enemies. (Rampage)
Your long tongue fully drains potion bottles. (2x potion effects)
Your tongue gives you trouble enunciating. (1.5x scroll delay)
You have large cloven feet.
You have a pair of small horns on your head.
Your tail ends in a venomous barb.
Your body sometimes deteriorates upon taking damage.
You have an increased reservoir of magic. (+10% MP)
You are covered in fur. (AC +1)
You expend magic power (3 MP) to strengthen your wands.


   Skills:
 - Level 22.0 Fighting
 - Level 16.0 Maces & Flails
 - Level 22.0 Armour
 - Level 17.5 Dodging
 - Level 3.0 Stealth
 + Level 19.4 Shields
 - Level 6.0 Spellcasting
 - Level 12.0 Translocations
 - Level 12.0 Invocations
 - Level 3.0 Evocations


You had 25 spell levels left.
You knew the following spells:

 Your Spells              Type           Power      Damage    Failure   Level
a - Manifold Assault      Tloc           56%        N/A       4%          4
b - Blink                 Tloc           100%       N/A       1%          2
c - Apportation           Tloc           100%       N/A       1%          1
d - Passage of Golubria   Tloc           56%        N/A       4%          4

Your spell library contained the following spells:

 Spells                   Type           Power      Damage    Failure   Level
 Lesser Beckoning         Tloc           100%       N/A       1%          2
 Momentum Strike          Conj/Tloc      66%        3d9       9%          2
 Volatile Blastmotes      Fire/Tloc      66%        2d15      17%         3
 Dimensional Bullseye     Hex/Tloc       16%        N/A       50%         4
 Iskenderun's Mystic Bla  Conj/Tloc      33%        2d8       50%         4
 Freeze                   Ice            24%        1d4       56%         1
 Magic Dart               Conj           24%        1d4       56%         1
 Sandblast                Erth           12%        2d6       56%         1
 Sting                    Tmut/Pois      24%        1d4       56%         1
 Dispersal                Tloc           28%        N/A       58%         6
 Cigotuvi's Dreadful Rot  Necr/Pois/Air  12%        N/A       71%         2
 Jinxbite                 Hex            12%        N/A       71%         2
 Passwall                 Tmut/Erth      5%         N/A       71%         2
 Searing Ray              Conj           12%        2d4       71%         2
 Static Discharge         Conj/Air       12%        3-4/arc   71%         2
 Frozen Ramparts          Ice            12%        1d2       90%         3
 Hailstorm                Conj/Ice       6%         3d4       90%         3
 Ignite Poison            Fire/Tmut/Pois 6%         N/A       90%         3
 Inner Flame              Hex/Fire       6%         N/A       90%         3
 Mephitic Cloud           Conj/Pois/Air  6%         N/A       90%         3
 Ozocubu's Armour         Ice            6%         N/A       90%         3
 Sigil of Binding         Hex            6%         N/A       90%         3
 Stone Arrow              Conj/Erth      12%        3d7       90%         3
 Airstrike                Air            3%         2d(1-17)  100%        4
 Brom's Barrelling Bould  Conj/Erth      6%         2d3       100%        4
 Dispel Undead            Necr           6%         3d8       100%        4
 Flame Wave               Conj/Fire      6%         2d5       100%        4
 Fulminant Prism          Conj/Hex       3%         3d5       100%        4
 Leda's Liquefaction      Hex/Erth       3%         N/A       100%        4
 Petrify                  Tmut/Erth      6%         N/A       100%        4
 Sticky Flame             Conj/Fire      6%         2d3       100%        4
 Alistair's Intoxication  Tmut/Pois      4%         N/A       100%        5
 Borgnjor's Vile Clutch   Necr/Erth      3%         N/A       100%        5
 Lee's Rapid Deconstruct  Erth           3%         3d5*      100%        5
 Silence                  Hex/Air        3%         N/A       100%        5
 Yara's Violent Unravell  Hex/Tmut       3%         3d4       100%        5
 Bombard                  Conj/Erth      3%         9d1       100%        6
 Eringya's Noxious Bog    Tmut/Pois      3%         4d6       100%        6
 Enfeeble                 Hex            3%         N/A       100%        7
 Ozocubu's Refrigeration  Ice            3%         4d8       100%        7
 Disjunction              Tloc           28%        N/A       100%        8
 Lehudib's Crystal Spear  Conj/Erth      3%         10d2      100%        8
 Chain Lightning          Conj/Air       3%         3d4       100%        9
 Fire Storm               Conj/Fire      3%         8d1       100%        9
 Polar Vortex             Ice            3%         N/A       100%        9
 Shatter                  Erth           3%         3d7*      100%        9
 Call Imp                 Summ           Unusable   N/A       N/A         2
 Call Canine Familiar     Summ           Unusable   N/A       N/A         3
 Tukima's Dance           Hex            Unusable   N/A       N/A         3
 Animate Armour           Summ/Erth      Unusable   N/A       N/A         4
 Summon Ice Beast         Ice/Summ       Unusable   N/A       N/A         4
 Summon Lightning Spire   Summ/Air       Unusable   N/A       N/A         4
 Death Channel            Necr           Unusable   N/A       N/A         6
 Simulacrum               Ice/Necr       Unusable   N/A       N/A         6
 Spellforged Servitor     Conj/Summ      Unusable   N/A       N/A         7
 Dragon's Call            Summ           Unusable   N/A       N/A         9

Inventory:

Hand Weapons
 K - a +9 broad axe of freezing {axe}
   (You found it on level 3 of the Lair of Beasts)
 M - the +6 eveningstar of Destiny (weapon) {heavy, Str+2, mace}
   (Okawaru gifted it to you on level 5 of the Lair of Beasts)

   Str+2:     It affects your strength (+2).
Armour
 b - a +2 cloak of willpower (worn)
   (You found it on level 4 of the Snake Pit)
 m - a +2 kite shield of reflection (worn)
   (You took it off a naga warrior on level 4 of the Snake Pit)
 B - a scarf of resistance
   (You found it on level 6 of the Dungeon)
 N - the +4 barding "Wevaoj" (worn) {MP+9 Int+2 Dex+4}
   (Okawaru gifted it to you on level 5 of the Lair of Beasts)

   Int+2:     It affects your intelligence (+2).
   Dex+4:     It affects your dexterity (+4).
   MP+9:      It affects your magic capacity (+9).
 S - a +1 pair of gloves (worn)
   (You took it off Nikola on level 3 of the Snake Pit)
 U - the +8 crystal plate armour of Vlad (worn) {rF+ Will++ MP+9, rare=g}
   (You took it off a vault guard on level 5 of the Vaults)

   rF+:       It protects you from fire.
   Will++:    It greatly increases your willpower.
   MP+9:      It affects your magic capacity (+9).
 W - a +1 hat of see invisible (worn)
   (You acquired it on level 2 of the Depths)
Jewellery
 e - the ring "Naagoats" (right hand) {Drain rElec AC+4 Int+4}
   (You took it off a vampire mage on level 3 of the Depths)

   [ring of protection]

   AC+4:      It affects your AC (+4).
   Int+4:     It affects your intelligence (+4).
   rElec:     It insulates you from electricity.
   Drain:     It drains your maximum health when unequipped.
 p - the ring "Ohung" (left hand) {rC+ Str+8 Int+6 Dex-5 Slay+3}
   (You acquired it on level 4 of the Shoals)

   [ring of intelligence]

   Str+8:     It affects your strength (+8).
   Int+6:     It affects your intelligence (+6).
   Dex-5:     It affects your dexterity (-5).
   Slay+3:    It affects your accuracy & damage with ranged weapons and melee
   (+3).
   rC+:       It protects you from cold.
 A - a ring of resist corrosion
   (You found it on level 3 of the Vaults)
 E - the amulet of Usilusuf (around neck) {Reflect rPois SH+5}
   (You found it on level 4 of the Shoals)

   [amulet of reflection]

   Reflect:   It reflects blocked missile attacks.
   rPois:     It protects you from poison SH+5: It affects your SH (+5).
 I - the amulet of Vucw {rF+ Regen+}
   (You bought it in a shop on level 2 of the Snake Pit)

   [amulet of regeneration]

   rF+:       It protects you from fire.
   Regen+:    It increases your rate of health regeneration.
 O - a +6 ring of intelligence
   (You took it off a red draconian on level 5 of the Realm of Zot)
 P - a +6 ring of intelligence
   (You took it off a white draconian on level 5 of the Realm of Zot)
Wands
 n - a wand of roots (59)
   (You found it on level 10 of the Dungeon)
 r - a wand of polymorph (22)
   (You found it on level 1 of the Lair of Beasts)
 t - a wand of digging (8)
   (You found it on level 10 of the Dungeon)
 u - a wand of quicksilver (20)
   (You found it on level 4 of the Snake Pit)
 w - a wand of flame (51)
   (You found it on level 15 of the Dungeon)
 T - a wand of mindburst (24)
   (You found it on level 2 of the Vaults)
Scrolls
 c - 6 scrolls of identify {@r1}
 d - 4 scrolls of vulnerability {!r!r}
 h - 16 scrolls of fog
 j - 9 scrolls of poison {!r}
 y - a scroll of silence {!r}
 C - 6 scrolls of blinking {!r}
 D - 4 scrolls of revelation
 G - 14 scrolls of teleportation {@r4}
 H - a scroll of torment {!r}
 J - 6 scrolls of fear
 Q - 3 scrolls of immolation {!r!r}
Potions
 a - 9 potions of haste {@q3}
 f - 13 potions of might
 g - 8 potions of mutation {!q}
 i - 7 potions of brilliance
 k - 15 potions of curing {@q1}
 l - 7 potions of heal wounds {@q2}
 o - 2 potions of enlightenment
 q - 4 potions of cancellation
 s - a potion of ambrosia
 x - 8 potions of resistance
 z - 4 potions of invisibility
 F - 6 potions of lignification {!q}
 V - a potion of berserk rage {!q}
Miscellaneous
 v - a tin of tremorstones (2/2) {throwing}
   (You found it on level 5 of the Vaults)
 L - a lightning rod (4/4)
   (You found it on level 4 of the Shoals)
 Z - a phial of floods
   (You found it on level 5 of the Vaults)

Dungeon Overview and Level Annotations

Branches:
Dungeon (15/15)            Temple (1/1) D:4            Lair (5/5) D:8
 Shoals (4/4) Lair:2        Snake (4/4) Lair:2        Slime (0/5) Lair:4
    Orc (2/2) D:11            Elf (3/3) Orc:2        Vaults (5/5) D:13
  Crypt (0/3) Vaults:2     Depths (4/4) D:15            Zot (5/5) Depths:4
  Sewer (visited)

Altars:
Ashenzari
Cheibriados
Dithmenos
Elyvilon
Fedhas
Gozag
Hepliaklqana
Kikubaaqudgha
Makhleb
Nemelex Xobeh
Okawaru
Qazlal
Ru
Sif Muna
Trog
Uskayaw
Vehumet
Wu Jian
Xom
Yredelemnul
Zin
The Shining One

Shops:
D:9 (   D:13 *   Orc:2 ?[=?   Elf:1 !   Elf:3 :   Snake:1 :=:   Snake:2 :(=*
Vaults:1 :

Portals:
Hell: Depths:1 Depths:2 Depths:3 Depths:4
Abyss: Depths:3
Pandemonium: Depths:2
Ziggurat: Depths:1

Annotations:
Lair:3 exclusion: hydra
Shoals:4 Roxanne
Elf:2 5 runed translucent doors
Depths:2 1 exclusion
Zot:5 exclusions: 3 upstairs and 1 more exclusion

.'.........###.........'.# #.#
.#..####.### ###.####..#.# #.#
.#.#.###.# #.###.#.#.# #.#
##.##.#.## ##.#.##.#.# #.#
#.###.## ##.###.#.# #.#
#.##.#.## ##.#.##.#.# #.#
##.#.###.# #.###.#.#.####.#
.#..####.### ###.####..#.##...#
.'.........###..@......+.##.###
###.####.##.#.##.####.##.##.#
##.###.###.###.###.###....#
##.##.##.#.##.##.## ###### ##
##.#.#.###.#.#.## .#
##...#####)..## .##
##.........##
..######'#######+#
#................#


There were no monsters in sight!


Message History

😕 MP[+1] 😕 HP[+1] 😕 HP[+1]
There is a stone staircase leading up here. 😕 MP[+1]
You climb upwards.
You flicker back into view.
There is a stone staircase leading down here. 😕 HP[+1] 😕 HP[+1] 😕 MP[+1]
Your mp is fully restored (53). 😕 HP[+1]
Aiming: Dig
Press: ? - help, Shift-Dir - straight line A rock wall.
This square is covered in magical glow.
You feel a surge of power!
The rock shatters into small pieces. 😎 HP[+1] MP[-3]
Your hp is fully restored (254).
You lost 3 mp, and now have 50/53 mp.
Unknown command.
Unknown command.
Unknown command.
An angel comes into view.
It is wielding a +2 sacred scourge of holy wrath.
The angel shouts!
Unknown command.
You hit the angel but do no damage. You block the angel's attack.
The angel misses you. 😎 MP[+1]
You impale the angel!! Your kick misses the angel. You headbutt the angel.
Your tail-slap misses the angel.
You pound the angel like an anvil!!! Your kick misses the angel.
Your headbutt misses the angel. You block the angel's attack. x2
You barely miss the angel. You kick the angel, but do no damage.
The angel hits you with a +2 sacred scourge of holy wrath!
You block the angel's attack. 😕 HP[-12]
You take 12 damage, and now have 242/254 hp.
You barely miss the angel. You kick the angel.
The angel hits you but does no damage. The angel barely misses you. 😕 HP[+1]
You closely miss the angel. The angel hits you but does no damage.
You block the angel's attack. 😕 MP[+1]
You spit the angel like a pig!!!
You kill the angel!
Okawaru accepts your kill. 😕 HP[+1]
There is a stone staircase leading up here.
You climb upwards.
There is a stone staircase leading down here. 😕 HP[+1] MP[+1]
Your mp is fully restored (53).
An orange demon comes into view.
The orange demon screeches! 😕 HP[+4]
You regained 4 hp, and now have 249/254 hp.
Your hands slow down. 😕 HP[+1]
A tormentor comes into view.
Casting: Manifold Assault (mildly dangerous; 2% risk of failure)
Confirm with . or Enter, or press ? or * to list all spells.
Space momentarily warps into an impossible shape!
You miss the tormentor. You impale the orange demon!! 😕 MP[-4]
You lost 4 mp, and now have 49/53 mp.
Unknown command.
Casting: Manifold Assault (mildly dangerous; 2% risk of failure)
Confirm with . or Enter, or press ? or * to list all spells.
Space momentarily warps into an impossible shape!
You skewer the orange demon like a kebab!!!
You kill the orange demon!
Okawaru accepts your kill.
You crush the tormentor like a grape!!!
You kill the tormentor!
Okawaru accepts your kill. 😕 HP[+1] MP[-4]
You lost 4 mp, and now have 45/53 mp.
Unknown command.
Your extra speed is starting to run out.
You feel like a meek peon again.
You open the door.
You feel yourself slow down.
There is an open door here.
An ice devil comes into view. 😎 HP[+3] MP[+5]
Your hp is fully restored (254).
You regained 5 mp, and now have 50/53 mp.
Unknown command.
You impale the ice devil!! You kick the ice devil! You headbutt the ice devil.
You tail-slap the ice devil, but do no damage.
You skewer the ice devil like a kebab!!!
You kill the ice devil!
Okawaru accepts your kill. 😎 MP[+1] 😎 MP[+1] 😎 MP[+1]
Your mp is fully restored (53).
There is a staircase leading out of the dungeon here.
You have escaped!

Skill      XL: |  1  2  3  4  5  6  7  8  9 10 11 12 13 14 15 16 17 18 19 20 21 22 23 24 |
---------------+-------------------------------------------------------------------------+-----
Maces & Flails | 2 3 4 5 6 8 11 12 14 16 | 16.0
Stealth        | 2 3 |  3.0
Evocations     | 3 |  3.0
Fighting       | 3 4 5 6 8 9 11 12 13 15 16 17 18 21 22 | 22.0
Armour         | 4 7 9 12 17 18 20 22 | 22.0
Shields        | 5 9 15 16 19 | 19.4
Invocations    | 2 6 8 10 12 | 12.0
Dodging        | 1 5 6 8 11 15 17 | 17.5
Translocations | 8 12 | 12.0
Spellcasting   | 4 6 |  6.0

Action                     |  1- 3 |  4- 6 |  7- 9 | 10-12 | 13-15 | 16-18 | 19-21 | 22-24 | 25-27 || total
---------------------------+-------+-------+-------+-------+-------+-------+-------+-------+-------++-------
  Melee: Flail             |    91 |    46 |   103 |   986 |   127 |       |       |       |       ||  1353
         Tailslap          |     9 |     3 |    78 |   184 |   160 |   227 |   164 |   134 |     9 ||   968
         Whip              |       |       |   268 |    60 |       |       |       |       |       ||   328
         Eveningstar       |       |       |       |       |   877 |  1155 |  1199 |  1263 |    47 ||  4541
         Kick              |       |       |       |       |       |       |   102 |   258 |    13 ||   373
         Headbutt          |       |       |       |       |       |       |    63 |   176 |     6 ||   245
  Throw: Dart              |       |     7 |     7 |    38 |     7 |       |       |       |       ||    59
         Boomerang         |       |       |       |       |     3 |       |       |       |       ||     3
   Cast: Manifold Assault  |       |       |       |       |       |       |   156 |   384 |     7 ||   547
 Invoke: Heroism           |       |       |       |     4 |    10 |    25 |    22 |    12 |     1 ||    74
         Finesse           |       |       |       |       |     8 |    12 |    11 |    12 |     1 ||    44
         Receive Weapon    |       |       |       |       |     1 |       |       |       |       ||     1
         Receive Armour    |       |       |       |       |     1 |       |       |       |       ||     1
         Duel              |       |       |       |       |     1 |       |       |       |       ||     1
  Evoke: Wand              |       |     6 |    13 |       |     6 |     2 |     2 |     4 |     2 ||    35
         Lightning rod     |       |       |       |       |       |     4 |       |       |       ||     4
    Use: Scroll            |     4 |       |     8 |    12 |    13 |     7 |    17 |    12 |     1 ||    74
         Potion            |     1 |       |     2 |     7 |     3 |     1 |     4 |     4 |     3 ||    25
   Stab: Sleeping          |       |       |     6 |     2 |     3 |     3 |       |       |       ||    14
         Distracted        |       |       |     1 |       |     1 |     3 |       |       |       ||     5
         Petrified         |       |       |       |       |     2 |     2 |       |       |       ||     4
 Armour: Scale mail        |     7 |       |       |   180 |     9 |       |       |       |       ||   196
         Ring mail         |    43 |    39 |   191 |   578 |       |       |       |       |       ||   851
         Chain mail        |       |       |       |       |   801 |       |       |       |       ||   801
         Skin              |       |       |       |       |     2 |       |       |       |       ||     2
         Robe              |       |       |       |       |   150 |   278 |       |       |       ||   428
         Storm dragon scal |       |       |       |       |       |   756 |   777 |   294 |       ||  1827
         Crystal plate arm |       |       |       |       |       |       |       |   378 |    18 ||   396
  Dodge: Dodged            |    24 |    10 |    70 |   303 |   209 |   360 |   210 |   181 |     4 ||  1371
  Block: Buckler           |    15 |     8 |    41 |   196 |   131 |       |       |       |       ||   391
         Kite shield       |       |       |       |       |   391 |  1126 |   597 |   522 |    31 ||  2667
         Reflection        |       |       |       |       |    33 |   143 |    39 |    25 |     2 ||   242

Levels and vault maps discovered:
D:1:      roderic_octagonal_star, layout_basic,
          hellmonk_ecumenical_altar_inner_sanctum
D:2:      layout_loops_cross, minmay_cut_off
D:3:      layout_rooms, uniq_ijyb
D:4:      gammafunk_wand_slinger, layout_basic, old_standard_altar,
          minmay_temple_entry_stoned_glass, hex_intersection,
          amcnicky_mini_corridor_feature, minmay_misc_feat_tower,
          chequers_serial_rivers_small_b, uniq_eustachio
D:5:      layout_loops_ring, mainiacjoe_overflow_alcove_4,
          nicolae_wu_jian_wuxing_cycle, marbit_many_paths
D:6:      lemuel_ice_spiral_2, layout_rooms, cheibrodos_sewer_entry_drain,
          uniq_grinder
D:7:      layout_cave_pools, st_stairs_10
D:8:      layout_basic, david_lair_shrubbed
D:9:      layout_basic, serial_shops, nicolae_shop_tiny_real_fake_doors,
          lightli_wizard_tower, uniq_psyche, uniq_erolcha
D:10:     layout_roguey
D:11:     layout_roguey, orc_0_dummy, serial_bayou_pond_a, uniq_fannar
D:12:     layout_basic
D:13:     minmay_smoke_and_mirrors, layout_stronghold,
          hangedman_vaults_entry_quadrant_bands, nrook_campfire,
          guppyfry_shop_earth
D:14:     layout_gridville, chequers_serial_rivers_room_a
D:15:     grunt_enter_depths_snipers, layout_irregular_city,
          serial_bayou_pond_d, kennysheep_pointless_box,
          minmay_misc_feat_rugged, uniq_louise
Temple:   dpeg_five_rooms_temple
Lair:1:   layout_cave_pods
Lair:2:   layout_long_grid, shoals_dummy_entry, nicolae_snake_entry_squirm,
          grunt_megastairs_1
Lair:3:   layout_regular_city, serial_bayou_shore_b
Lair:4:   layout_hall_layers, slime_entry_2, grunt_megastairs_4
Lair:5:   hangedman_lair_in_review, layout_regular_city, wormcave,
          lemuel_fruit_fields, serial_bayou_shore_b, serial_bayou_shore_b,
          serial_bayou_shore_b
Shoals:1: layout_shoals, nicolae_splish_splash
Shoals:2: layout_shoals, nicolae_shoals_so_close
Shoals:3: layout_shoals, argonaut_gorgonesque
Shoals:4: shoals_end_simple, layout_shoals, uniq_kirke, uniq_roxanne
Snake:1:  nicolae_snake_crotalidae_crossing, layout_layer_cave, basic_altar,
          minmay_shop_grove
Snake:2:  layout_cave_shapes, nicolae_snake_serpentine_hallways,
          nicolae_snake_horde_hoard, minmay_shoptagon, uniq_vashnia
Snake:3:  layout_misc_corridors, grunt_megastairs_2, serial_bayou_shore_a,
          uniq_aizul, uniq_nikola, uniq_bai_suzhen
Snake:4:  minmay_snake_end_coiled, layout_chambers
Orc:1:    layout_caves, uniq_harold
Orc:2:    kennysheep_orc_mage_school, layout_diamond_mine, basic_altar,
          nicolae_orc_rockfall
Elf:1:    eino_elf_arrival_sip, layout_geoelf_octagon, serial_shops, shop,
          minmay_elf_demonology, grunt_megastairs_3
Elf:2:    elven_hall_of_blades_hangedman_alternative
          [nicolae_blade_entry_pointy_end], layout_loops_corners, uniq_norris,
          uniq_azrael
Elf:3:    minmay_elf_hall_hex, layout_gridlike, serial_shops, shop
Vaults:1: nicolae_vaults_storage_closets_1, nicolae_vaults_tangram_1,
          nicolae_vaults_offset_grid_hallway_4,
          nicolae_vaults_storage_closets_2, nicolae_vaults_trapezoid_3,
          v_misc_19, nicolae_vaults_more_shelving_2,
          nicolae_vaults_trapezoid_lopsided_3, nicolae_vaults_tetromino_Z_2,
          st_lattice, nicolae_vaults_shelves_hall,
          nicolae_vaults_surprise_closet, layout_vaults_omnicross, serial_shops,
          shop
Vaults:2: nicolae_vaults_network_barrier, hangedman_vaults_unwind,
          nicolae_vaults_house_3, nicolae_vaults_shock_wave,
          grunt_vaults_diagonal, nicolae_vaults_closet_pinwheel_5,
          nicolae_vaults_storage_closets_3,
          nicolae_vaults_offset_grid_hallway_3,
          nicolae_vaults_ring_of_whatevers, nicolae_vaults_closet_pinwheel_1,
          minmay_crypt_entry_simple_round, nicolae_vaults_tetromino_L_1,
          layout_vaults_ring
Vaults:3: nicolae_vaults_spaceships, nicolae_vaults_network_square,
          nicolae_vaults_closet_pinwheel_1,
          nicolae_vaults_offset_grid_hallway_2, v_pattern_1,
          nicolae_vaults_house_1, vaults_room_fours,
          nicolae_vaults_storage_room_statues, nicolae_vaults_trapezoid_1,
          ontoclasm_vaults_twist, layout_vaults_quadrants, uniq_xtahua
Vaults:4: st_cross, nicolae_vaults_tetromino_Z_1, nicolae_vaults_big_ls,
          nicolae_vaults_three_branches, nicolae_vaults_closet_pinwheel_4,
          nicolae_vaults_mini_display_case, hangedman_vaults_river_flow,
          nicolae_vaults_six-pack, ontoclasm_vaults_ring_small,
          layout_vaults_chaotic_city
Vaults:5: serial_shops, uniq_mara
Depths:1: layout_cave_pools, enter_ziggurat_b, chequers_serial_rivers_room_b,
          grunt_hell_horde, nrook_mini_backslash, xom_redecorated, uniq_asterion
Depths:2: kennysheep_demon_jail, layout_cave_pools, hangedman_coc_ice_floe,
          nemelex_xobeh_ov_fountains_minmay, rand_demon_pan_entry_1,
          nicolae_vehumet_altar_sigil, minmay_staircase_statues_hall_small,
          uniq_sojobo
Depths:3: evilmike_hourglass, layout_basic, hangedman_abyss_entry_splay,
          hell_entry, uniq_josephina
Depths:4: grunt_zot_entry_pinwheel, layout_basic, hell_entry,
          nicolae_elyvilon_peaceful_grove
Zot:1:    lemuel_firehouse, layout_onion
Zot:2:    layout_gridlike, gammafunk_ghost_split
Zot:3:    layout_basic, grunt_ministairs_5
Zot:4:    layout_onion_interference
Zot:5:    layout_misc_corridors

Notes
Turn   | Place    | Note
-------+----------+-------------------------------------------
     0 | D:1      | MackTheKnife the Armataur Fighter began the quest for the
                  | Orb.
     0 | D:1      | Reached XP level 1. HP: 19/19 MP: 1/1
     0 | D:1      | magus.rc [v1.9.6]
    65 | D:1      | Reached skill level 2 in Maces & Flails
   277 | D:1      | You pick up a book of Flames and begin reading...
   277 | D:1      | You add the spells Inner Flame, Sticky Flame and Flame Wave
                  | to your library.
   406 | D:1      | Reached XP level 2. HP: 26/26 MP: 2/2
   691 | D:1      | Found a faded altar of an unknown god.
  1284 | D:2      | Reached skill level 3 in Maces & Flails
  1457 | D:2      | Reached XP level 3. HP: 32/32 MP: 3/3
  1841 | D:3      | Reached skill level 1 in Stealth
  1876 | D:3      | Noticed Ijyb
  1887 | D:3      | Killed Ijyb
  1888 | D:3      | Reached skill level 2 in Stealth
  1960 | D:3      | Reached XP level 4. HP: 39/39 MP: 4/4
  1972 | D:3      | Reached skill level 3 in Stealth
  2222 | D:4      | Noticed an ogre
  2273 | D:4      | Found a transporter.
  2286 | D:4      | Found a transporter.
  2338 | D:4      | Noticed an ice beast
  2344 | D:4      | Killed an ice beast
  2345 | D:4      | Reached skill level 4 in Maces & Flails
  2345 | D:4      | Reached XP level 5. HP: 44/44 MP: 5/5
  2480 | D:4      | Killed an ogre
  2481 | D:4      | Reached skill level 5 in Maces & Flails
  2481 | D:4      | Reached XP level 6. HP: 53/53 MP: 6/6
  2506 | D:4      | You pick up a book of Annihilations and begin reading...
  2506 | D:4      | You add the spells Chain Lightning, Fire Storm and Shatter
                  | to your library.
  2726 | D:4      | Found a broken altar of Ashenzari.
  2726 | D:4      | Found a staircase to the Ecumenical Temple.
  2726 | D:4      | Noticed Eustachio
  2767 | D:5      | Entered Level 5 of the Dungeon
  2828 | D:5      | Reached skill level 1 in Evocations
  2865 | D:5      | Reached skill level 2 in Evocations
  2867 | D:5      | Reached skill level 3 in Evocations
  2867 | D:5      | Reached skill level 3 in Fighting
  2867 | D:5      | Reached XP level 7. HP: 21/60 MP: 7/7
  3029 | D:4      | Killed Eustachio
  3030 | D:4      | Reached skill level 4 in Fighting
  3157 | Temple   | Entered the Ecumenical Temple
  3211 | Temple   | Became a worshipper of Warmaster Okawaru
  3454 | D:5      | Found an ornate altar of the Wu Jian Council.
  3700 | D:5      | Reached skill level 6 in Maces & Flails
  3920 | D:5      | Found a shadowy altar of Dithmenos.
  3937 | D:5      | Identified the +8 spear "Poipaodo" {speed, *Noise Int+6
                  | Dex+6}
  3955 | D:5      | Reached XP level 8. HP: 71/71 MP: 8/8
  3968 | D:5      | Reached skill level 7 in Maces & Flails
  3975 | D:5      | Reached * piety under Okawaru
  4226 | D:5      | Found a shimmering blue altar of Sif Muna.
  4353 | D:5      | Reached skill level 8 in Maces & Flails
  4587 | D:6      | Reached skill level 4 in Armour
  4598 | D:6      | Reached skill level 5 in Fighting
  4679 | D:6      | Found a glowing drain.
  4710 | Sewer    | Entered a sewer
  5299 | D:6      | Noticed Grinder
  5356 | D:6      | Reached ** piety under Okawaru
  5386 | D:6      | Reached XP level 9. HP: 46/80 MP: 9/9
  5541 | D:6      | Reached skill level 6 in Fighting
  5541 | D:6      | Reached skill level 9 in Maces & Flails
  6272 | D:7      | Noticed a deep elf pyromancer
  6283 | D:7      | Reached skill level 10 in Maces & Flails
  6541 | D:5      | Reached *** piety under Okawaru
  6695 | D:6      | Paralysed by Grinder for 3 turns
  6710 | D:6      | Killed Grinder
  6934 | D:7      | Killed a deep elf pyromancer
  6935 | D:7      | Reached skill level 11 in Maces & Flails
  7130 | D:6      | Reached XP level 10. HP: 75/86 MP: 10/10
  7166 | D:7      | Reached **** piety under Okawaru
  7223 | D:7      | You pick up a book of Spatial Translocations and begin
                  | reading...
  7223 | D:7      | You add the spells Blink, Momentum Strike and Lesser
                  | Beckoning to your library.
  7754 | D:8      | magus.rc [v1.9.6]
  7897 | D:8      | Found a staircase to the Lair.
  7922 | D:8      | Reached skill level 12 in Maces & Flails
  8461 | D:8      | Noticed a two-headed ogre
  8483 | D:8      | Killed a two-headed ogre
  8484 | D:8      | Reached skill level 4 in Shields
  9016 | D:9      | Noticed Psyche
  9031 | D:8      | Reached skill level 5 in Armour
  9131 | D:9      | Reached ***** piety under Okawaru
  9233 | D:9      | Reached skill level 7 in Fighting
  9394 | D:9      | Noticed Erolcha
  9549 | Lair:1   | Entered Level 1 of the Lair of Beasts
  9560 | D:8      | Reached skill level 6 in Armour
  9560 | D:8      | Reached skill level 5 in Shields
  9610 | D:8      | Received a gift from Okawaru
  9788 | D:8      | Reached skill level 7 in Armour
  9984 | Lair:1   | Noticed a cane toad
  9998 | Lair:1   | Killed a cane toad
  9999 | Lair:1   | Reached skill level 8 in Fighting
 10134 | Lair:1   | Noticed a black mamba
 10148 | Lair:1   | Killed a black mamba
 10149 | Lair:1   | Reached skill level 2 in Invocations
 10149 | Lair:1   | Reached XP level 11. HP: 83/100 MP: 10/12
 10282 | Lair:1   | Identified the +1 scale mail "Kuqicru" {Rampage Regen+ MP-9
                  | Int+3}
 10369 | Lair:1   | Reached skill level 3 in Invocations
 10467 | Lair:1   | Reached skill level 4 in Invocations
 10529 | Lair:1   | Reached skill level 5 in Invocations
 10967 | Lair:1   | Received a gift from Okawaru
 10968 | Lair:1   | Reached skill level 6 in Invocations
 11943 | Lair:2   | Reached skill level 8 in Armour
 12159 | Lair:2   | Found a staircase to the Shoals.
 12166 | Lair:2   | You add the spells Ozocubu's Armour and Ozocubu's
                  | Refrigeration to your library.
 12267 | Lair:2   | Received a gift from Okawaru
 12404 | Lair:2   | Reached skill level 9 in Fighting
 12634 | Lair:2   | Reached skill level 9 in Armour
 13289 | Lair:2   | Found a staircase to the Snake Pit.
 13751 | Lair:3   | Reached XP level 12. HP: 113/113 MP: 16/16
 13764 | Lair:3   | Reached skill level 10 in Fighting
 13809 | Lair:3   | Received a gift from Okawaru
 14212 | Lair:3   | Noticed a five-headed hydra
 14595 | Lair:3   | Reached skill level 13 in Maces & Flails
 15153 | Lair:4   | You pick up a book of Conjurations {@e2} and begin
                  | reading...
 15153 | Lair:4   | You add the spells Magic Dart, Searing Ray and Fulminant
                  | Prism to your library.
 15263 | Lair:4   | Reached skill level 14 in Maces & Flails
 15384 | Lair:4   | Received a gift from Okawaru
 15433 | Lair:4   | HP: 28/113 [skyshark (12)]
 16063 | Lair:4   | Found a staircase to the Slime Pits.
 16069 | Lair:4   | Reached skill level 11 in Fighting
 16148 | Lair:5   | Entered Level 5 of the Lair of Beasts
 16575 | Lair:5   | Reached XP level 13. HP: 98/125 MP: 8/17
 16654 | Lair:5   | Identified the +0 chain mail of the Festooned God {rElec
                  | rC+ Str+8 Int-4}
 16733 | Lair:5   | You pick up a book of the Earth and begin reading...
 16733 | Lair:5   | You add the spells Leda's Liquefaction, Lee's Rapid
                  | Deconstruction and Bombard to your library.
 16781 | Lair:5   | Reached skill level 12 in Fighting
 17050 | Lair:5   | Reached ****** piety under Okawaru
 17050 | Lair:5   | Received a gift from Okawaru
 17140 | Lair:5   | Acquired the +6 eveningstar of Destiny {heavy, Str+2}
 17140 | Lair:5   | Received a gift from Okawaru
 17143 | Lair:5   | Acquired the +4 barding "Wevaoj" {MP+9 Int+2 Dex+4}
 17143 | Lair:5   | Received a gift from Okawaru
 17859 | Lair:5   | Received a gift from Okawaru
 17874 | Lair:5   | Reached skill level 15 in Maces & Flails
 18475 | D:9      | Killed Erolcha
 18510 | D:9      | Killed Psyche
 18718 | D:9      | Reached skill level 16 in Maces & Flails
 18718 | D:9      | Received a gift from Okawaru
 18731 | D:9      | You pick up a book of Misfortune and begin reading...
 18731 | D:9      | You add the spells Yara's Violent Unravelling and Enfeeble
                  | to your library.
 18910 | D:9      | Found Paqosyin's Antique Weapon Boutique.
 19050 | D:10     | Entered Level 10 of the Dungeon
 19883 | D:11     | Noticed Fannar
 19898 | D:11     | Killed Fannar
 19999 | D:11     | Reached XP level 14. HP: 119/135 MP: 18/18
 20280 | D:11     | Found a staircase to the Orcish Mines.
 20524 | D:12     | Reached skill level 10 in Armour
 20586 | D:12     | Received a gift from Okawaru
 20587 | D:12     | Reached skill level 13 in Fighting
 21332 | Orc:1    | Entered Level 1 of the Orcish Mines
 21613 | Orc:1    | Noticed Harold
 21627 | Orc:1    | Killed Harold
 21744 | Orc:2    | Entered Level 2 of the Orcish Mines
 21769 | Orc:2    | Reached skill level 11 in Armour
 21808 | Orc:2    | Found a staircase to the Elven Halls.
 23027 | Orc:2    | Paralysed by an orc sorcerer for 3 turns
 23117 | Orc:2    | Found Uceedoq's Jewellery Shoppe.
 23145 | Orc:2    | Found an ancient bone altar of Kikubaaqudgha.
 23146 | Orc:2    | Noticed Nergalle
 23156 | Orc:2    | Killed Nergalle
 23156 | Orc:2    | Received a gift from Okawaru
 23184 | Orc:2    | Paralysed by an orc sorcerer for 5 turns
 23217 | Orc:2    | Paralysed by an orc sorcerer for 4 turns
 23223 | Orc:2    | Reached skill level 12 in Armour
 23259 | Orc:2    | Found Rag Qok's Antique Armour Emporium.
 23296 | Orc:2    | Found Ravaso's Magic Scroll Emporium.
 23308 | Orc:2    | Bought a scroll of identify for 32 gold pieces
 23308 | Orc:2    | Bought a scroll of identify for 32 gold pieces
 23330 | Orc:2    | Found a radiant altar of Vehumet.
 23347 | Orc:2    | Found Jivvosu's Magic Scroll Emporium.
 23355 | Orc:2    | Bought a scroll of enchant armour for 127 gold pieces
 23355 | Orc:2    | Bought a scroll of identify for 34 gold pieces
 23355 | Orc:2    | Bought a scroll of identify for 34 gold pieces
 23355 | Orc:2    | Bought a scroll of identify for 34 gold pieces
 23389 | Orc:2    | Bought a runed kite shield for 187 gold pieces
 23432 | Orc:2    | Bought a +4 ring of protection for 468 gold pieces
 23432 | Orc:2    | Bought an amulet of regeneration for 390 gold pieces
 23918 | D:13     | Reached skill level 6 in Shields
 23925 | D:13     | You pick up a book of the Hunter and begin reading...
 23925 | D:13     | You add the spells Sigil of Binding and Dimensional
                  | Bullseye to your library.
 23961 | D:13     | Reached skill level 7 in Shields
 24117 | D:13     | Reached skill level 8 in Shields
 24119 | D:13     | Received a gift from Okawaru
 24160 | D:13     | Found the +3 warlock's mirror {omnireflect}
 24293 | D:13     | Reached skill level 9 in Shields
 24359 | D:13     | magus.rc [v1.9.6]
 24406 | D:13     | Found a gate to the Vaults.
 24556 | D:13     | Found Modgh's Pet Rocks.
 24560 | D:13     | Reached XP level 15. HP: 145/145 MP: 19/19
 24771 | D:13     | Reached skill level 10 in Shields
 24935 | D:14     | Identified the +2 robe of Buboiv {rPois Dex+2}
 25223 | D:14     | Received a gift from Okawaru
 25224 | D:14     | Reached skill level 11 in Shields
 25472 | D:15     | Entered Level 15 of the Dungeon
 25562 | D:15     | Noticed Louise
 25564 | Arena    | Entered the Arena
 25567 | Arena    | Killed Louise
 25664 | D:15     | Reached skill level 12 in Shields
 25845 | D:15     | Received a gift from Okawaru
 26004 | D:15     | Found a staircase to the Depths.
 26037 | D:15     | Reached skill level 13 in Shields
 26484 | Snake:1  | Entered Level 1 of the Snake Pit
 27174 | Snake:1  | Reached skill level 14 in Shields
 27533 | Snake:1  | Received a gift from Okawaru
 27611 | Snake:1  | Found a white marble altar of Elyvilon.
 27838 | Snake:1  | Found Minit's Book Shoppe.
 27838 | Snake:1  | Found Yneppoxt's Jewellery Boutique.
 27839 | Snake:1  | Found Gugg's Book Shoppe.
 27847 | Snake:1  | Bought a ring of willpower for 450 gold pieces
 28090 | Snake:1  | Reached skill level 15 in Shields
 28508 | Snake:1  | magus.rc [v1.9.6]
 28718 | Snake:2  | Reached skill level 1 in Dodging
 28720 | Snake:2  | Reached XP level 16. HP: 137/155 MP: 20/20
 28826 | Snake:2  | Found Peur's Jewellery Shop.
 28828 | Snake:2  | Found Miadgh's Assorted Antiques.
 28828 | Snake:2  | Found Selipt's Book Boutique.
 28834 | Snake:2  | Found Veoffurih's Weapon Boutique.
 28852 | Snake:2  | Bought a coiled iron amulet for 195 gold pieces
 28852 | Snake:2  | Identified the amulet of Vucw {rF+ Regen+} (You bought it
                  | in a shop on level 2 of the Snake Pit)
 28903 | Snake:2  | You pick up a book of the Moon and begin reading...
 28903 | Snake:2  | You add the spells Passage of Golubria, Silence and
                  | Lehudib's Crystal Spear to your library.
 28943 | Snake:2  | Reached skill level 2 in Dodging
 29004 | Snake:2  | Found a runed translucent gate.
 29004 | Snake:2  | Found a runed translucent gate.
 29004 | Snake:2  | Noticed Vashnia
 29004 | Snake:2  | Found a runed translucent gate.
 29027 | Snake:2  | Received a gift from Okawaru
 29139 | Snake:2  | Killed Vashnia
 29140 | Snake:2  | Reached skill level 16 in Shields
 29144 | Snake:2  | Reached skill level 3 in Dodging
 29638 | Snake:2  | Reached skill level 4 in Dodging
 29813 | Snake:2  | Reached skill level 5 in Dodging
 29815 | Snake:2  | Reached skill level 14 in Fighting
 29821 | Snake:2  | Received a gift from Okawaru
 30001 | Snake:2  | Bought a large pearl amulet for 195 gold pieces
 30029 | Snake:3  | Identified the serpent talisman of Pandemonium {*Corrode
                  | Will+ Str+2 SInv}
 30029 | Snake:3  | Noticed Aizul
 30225 | Snake:3  | You pick up a book of Armaments and begin reading...
 30242 | Snake:3  | Noticed Bai Suzhen
 30250 | Snake:3  | Killed Aizul
 30263 | Snake:3  | Killed Bai Suzhen
 30576 | Snake:3  | Noticed Nikola
 30586 | Snake:3  | Reached skill level 7 in Invocations
 30816 | Snake:3  | Killed Nikola
 30881 | Snake:2  | magus.rc [v1.9.6]
 31265 | Snake:4  | Entered Level 4 of the Snake Pit
 31339 | Snake:4  | Reached skill level 8 in Invocations
 31345 | Snake:4  | Reached skill level 15 in Fighting
 31350 | Snake:4  | Identified the -1 helmet "Tuguma" {-Tele rF++ Str+3 Dex-2}
 31895 | Snake:4  | magus.rc [v1.9.6]
 32152 | Snake:4  | Received a gift from Okawaru
 32197 | Snake:4  | You pick up a book of Frost and begin reading...
 32197 | Snake:4  | You add the spells Freeze, Frozen Ramparts and Hailstorm to
                  | your library.
 32295 | Snake:4  | Reached XP level 17. HP: 159/167 MP: 23/23
 32492 | Snake:2  | Bought a ring of poison resistance for 260 gold pieces
 32959 | Snake:4  | Reached skill level 16 in Fighting
 32986 | Snake:4  | Reached skill level 13 in Armour
 33168 | Snake:4  | Got a serpentine rune of Zot
 33360 | Shoals:1 | Entered Level 1 of the Shoals
 33558 | Shoals:1 | Reached skill level 14 in Armour
 33729 | Shoals:1 | Received a gift from Okawaru
 33732 | Shoals:1 | Reached skill level 15 in Armour
 33984 | Shoals:1 | You pick up a book of the Earth and begin reading...
 34419 | Shoals:2 | Identified the +0 buckler "Sien" {rPois rF+ rN+}
 34726 | Shoals:2 | Reached skill level 16 in Armour
 34763 | Shoals:2 | You pick up a book of Flames and begin reading...
 34860 | Shoals:2 | Noticed a kraken
 34871 | Shoals:2 | Killed a kraken
 35080 | Shoals:2 | You pick up a book of Storms and begin reading...
 35080 | Shoals:2 | You add the spells Static Discharge and Airstrike to your
                  | library.
 36068 | Shoals:3 | Received a gift from Okawaru
 36103 | Shoals:3 | Reached skill level 17 in Armour
 36333 | Shoals:4 | Entered Level 4 of the Shoals
 36335 | Shoals:4 | Noticed Kirke
 36387 | Shoals:3 | Killed Kirke
 36473 | Shoals:4 | Reached skill level 6 in Dodging
 36607 | Shoals:4 | You pick up a book of Minor Magic and begin reading...
 36708 | Shoals:4 | Reached XP level 18. HP: 170/177 MP: 24/24
 36743 | Shoals:4 | Reached skill level 7 in Dodging
 36761 | Shoals:4 | Got a barnacled rune of Zot
 37093 | Shoals:4 | Noticed Roxanne
 37095 | Shoals:4 | Identified a scroll of acquirement
 37096 | Shoals:4 | Acquired the ring "Ohung" {rC+ Str+8 Int+6 Dex-5 Slay+3}
 37257 | Shoals:4 | Identified the amulet of Usilusuf {Reflect rPois SH+5}
 37331 | Shoals:4 | Received a gift from Okawaru
 37536 | Shoals:4 | Reached skill level 8 in Dodging
 38055 | Vaults:1 | Entered Level 1 of the Vaults
 38703 | Vaults:1 | Identified the +8 dagger of Awnomop {heavy, Dex+3}
 38719 | Vaults:1 | Received a gift from Okawaru
 38897 | Vaults:1 | Reached skill level 18 in Armour
 38910 | Vaults:1 | Reached skill level 17 in Fighting
 39296 | Vaults:1 | Found Xapn's Book Emporium.
 39499 | Vaults:2 | Received a gift from Okawaru
 39800 | Vaults:2 | Reached XP level 19. HP: 107/189 MP: 25/25
 39819 | Vaults:2 | Reached skill level 19 in Armour
 40013 | Vaults:2 | Received a gift from Okawaru
 40279 | Vaults:2 | Paralysed by a formless jellyfish for 1 turns
 40794 | Vaults:2 | Found a staircase to the Crypt.
 40958 | Vaults:3 | Reached skill level 18 in Fighting
 41276 | Snake:1  | Bought an Inescapable Atlas for 256 gold pieces
 41281 | Snake:1  | Learned a level 4 spell: Manifold Assault
 41636 | Vaults:3 | Reached skill level 1 in Translocations
 41642 | Vaults:3 | Reached skill level 1 in Spellcasting
 41857 | Vaults:3 | Reached skill level 2 in Translocations
 42009 | Vaults:3 | Noticed Xtahua
 42016 | Vaults:3 | Killed Xtahua
 42017 | Vaults:3 | Reached skill level 2 in Spellcasting
 42123 | Vaults:3 | Reached skill level 3 in Translocations
 42467 | Vaults:3 | Reached skill level 20 in Armour
 42507 | Vaults:3 | Reached skill level 3 in Spellcasting
 42519 | Vaults:3 | Received a gift from Okawaru
 42521 | Vaults:3 | Reached skill level 4 in Translocations
 43044 | Vaults:4 | Reached skill level 4 in Spellcasting
 43131 | Vaults:4 | Reached skill level 5 in Translocations
 43166 | Vaults:4 | You pick up a book of Flames and begin reading...
 43449 | Vaults:4 | Reached skill level 6 in Translocations
 43523 | Vaults:4 | Received a gift from Okawaru
 43526 | Vaults:4 | Reached skill level 7 in Translocations
 43706 | Vaults:4 | Identified the serpent talisman "Pony" {Int+3 Stlth+}
 43807 | Vaults:4 | Reached skill level 8 in Translocations
 44149 | Vaults:4 | Reached XP level 20. HP: 200/200 MP: 26/26
 44278 | Vaults:4 | Reached skill level 9 in Translocations
 44808 | Vaults:5 | Identified the "Xefaom Hese"
 44808 | Vaults:5 | Identified the of Paidutam
 44808 | Vaults:5 | Identified the "Suben"
 44808 | Depths:2 | Identified the of Ytyi
 44808 | Elf:1    | Identified the "Beac"
 44808 | Elf:1    | Entered Level 1 of the Elven Halls
 44852 | Elf:1    | Reached skill level 10 in Translocations
 45162 | Elf:1    | Reached skill level 5 in Spellcasting
 45216 | Elf:1    | Received a gift from Okawaru
 45500 | Elf:1    | Found Uzuusomm's Distillery.
 45508 | Elf:1    | Bought a potion of might for 76 gold pieces
 45508 | Elf:1    | Bought a potion of heal wounds for 95 gold pieces
 45508 | Elf:1    | Bought a potion of might for 76 gold pieces
 45508 | Elf:1    | Bought a potion of might for 76 gold pieces
 45508 | Elf:1    | Bought a potion of heal wounds for 95 gold pieces
 45508 | Elf:1    | Bought a potion of curing for 57 gold pieces
 45604 | Elf:2    | Identified the "Fafaemu"
 45634 | Elf:2    | Noticed Azrael
 45640 | Elf:2    | Killed Azrael
 45809 | Elf:2    | Reached skill level 11 in Translocations
 46015 | Elf:2    | You add the spells Sting, Brom's Barrelling Boulder and
                  | Petrify to your library.
 46136 | Elf:2    | Found a huge runed translucent gate.
 46136 | Elf:2    | Found a huge runed translucent gate.
 46138 | Elf:2    | Found a huge runed translucent gate.
 46418 | Elf:2    | Found a huge runed translucent gate.
 46418 | Elf:2    | Found a huge runed translucent gate.
 46479 | Elf:3    | Entered Level 3 of the Elven Halls
 46522 | Elf:3    | Reached skill level 6 in Spellcasting
 46655 | Elf:3    | Found Qogeofes's Book Emporium.
 46750 | Elf:3    | You pick up a book of the Tundra and begin reading...
 47170 | Elf:3    | Identified the +1 robe of Nazuenuo {rCorr}
 47170 | Elf:3    | a deep elf annihilator comes into view. It is wielding the
                  | +8 Vampire's Tooth {megavamp} and wearing the +1 robe of
                  | Nazuenuo {rCorr}.
 47174 | Elf:3    | Reached skill level 12 in Translocations
 47493 | Elf:3    | Paralysed by an air elemental for 1 turns
 47495 | Elf:3    | Paralysed by an air elemental for 1 turns
 47498 | Elf:3    | Paralysed by an air elemental for 1 turns
 47502 | Elf:3    | Received a gift from Okawaru
 47603 | Elf:3    | Identified the +10 chain mail of Xeidap {Str+7}
 47688 | Elf:3    | Identified the ring "Ikel" {rF+ rN+ Will+ Stlth+}
 48240 | Elf:3    | You pick up a book of Decay and begin reading...
 48240 | Elf:3    | You add the spells Cigotuvi's Dreadful Rot and Dispel
                  | Undead to your library.
 48249 | Elf:3    | Identified the staff of Deines {rPois Str-3 Dex+9 Earth}
 48322 | Elf:3    | You pick up a book of Geomancy and begin reading...
 48322 | Elf:3    | You add the spells Sandblast and Passwall to your library.
 48323 | Elf:3    | Identified the +0 leather armour of Light {Dex+6 Slay+5}
 48348 | Elf:3    | Identified the +6 lajatang of Joyful Slaughter {venom,
                  | +Blink rF+ Str+6 Stlth-}
 48763 | Depths:1 | Entered Level 1 of the Depths
 48945 | Depths:1 | Reached XP level 21. HP: 208/208 MP: 30/30
 48947 | Depths:1 | Reached skill level 21 in Armour
 49188 | Depths:1 | Noticed Asterion
 49194 | Depths:1 | Killed Asterion
 49395 | Depths:1 | Found a shimmering altar of Xom.
 49397 | Depths:1 | Found a shimmering altar of Xom.
 49398 | Depths:1 | Found a shimmering altar of Xom.
 49430 | Depths:1 | Found a shimmering altar of Xom.
 49433 | Depths:1 | Found a shimmering altar of Xom.
 49443 | Depths:1 | Found a shimmering altar of Xom.
 49469 | Depths:1 | Found a gateway to Hell.
 49475 | Depths:1 | Reached skill level 19 in Fighting
 49585 | Depths:1 | Found a one-way gateway to a ziggurat.
 49743 | Depths:1 | Gained mutation: You are vulnerable to heat. (rF-) [potion
                  | of mutation]
 49743 | Depths:1 | Gained mutation: You are strong-willed. (Will+) [potion of
                  | mutation]
 49743 | Depths:1 | Gained mutation: You have large cloven feet. [potion of
                  | mutation]
 49743 | Depths:1 | Gained mutation: Your muscles are strong. (Str +4, Int/Dex
                  | -1) [potion of mutation]
 49743 | Depths:1 | Gained mutation: You are partially covered in iridescent
                  | scales. (AC +2) [potion of mutation]
 49744 | Depths:1 | Lost mutation: You are partially covered in iridescent
                  | scales. (AC +2) [potion of mutation]
 49744 | Depths:1 | Lost mutation: Your muscles are strong. (Str +4, Int/Dex
                  | -1) [potion of mutation]
 49744 | Depths:1 | Lost mutation: You are strong-willed. (Will+) [potion of
                  | mutation]
 49744 | Depths:1 | Lost mutation: You are vulnerable to heat. (rF-) [potion of
                  | mutation]
 49744 | Depths:1 | Gained mutation: Your muscles are strong. (Str +4, Int/Dex
                  | -1) [potion of mutation]
 49744 | Depths:1 | Gained mutation: You occasionally lose the ability to drink
                  | potions when taking damage. [potion of mutation]
 49744 | Depths:1 | Gained mutation: You are dopey. (Int -2) [potion of
                  | mutation]
 49744 | Depths:1 | Lost mutation: You are dopey. (Int -2) [potion of mutation]
 49744 | Depths:1 | Gained mutation: Your tail ends in a venomous barb. [potion
                  | of mutation]
 49744 | Depths:1 | Gained mutation: Your spells are a little easier to cast,
                  | but a little less powerful. [potion of mutation]
 49744 | Depths:1 | Gained mutation: Your mind is acute. (Int +4, Str/Dex -1)
                  | [potion of mutation]
 49745 | Depths:1 | Lost mutation: You occasionally lose the ability to drink
                  | potions when taking damage. [potion of mutation]
 49745 | Depths:1 | Lost mutation: Your spells are a little easier to cast, but
                  | a little less powerful. [potion of mutation]
 49745 | Depths:1 | Lost mutation: Your mind is acute. (Int +4, Str/Dex -1)
                  | [potion of mutation]
 49745 | Depths:1 | Lost mutation: Your muscles are strong. (Str +4, Int/Dex
                  | -1) [potion of mutation]
 49745 | Depths:1 | Gained mutation: You have an increased reservoir of magic.
                  | (+10% MP) [potion of mutation]
 49745 | Depths:1 | Gained mutation: You expend magic power (3 MP) to
                  | strengthen your wands. [potion of mutation]
 49745 | Depths:1 | Gained mutation: You are covered in fur. (AC +1) [potion of
                  | mutation]
 49745 | Depths:1 | Gained mutation: You possess an exceptional clarity of
                  | mind. [potion of mutation]
 49745 | Depths:1 | Gained mutation: You have a pair of small horns on your
                  | head. [potion of mutation]
 49764 | Depths:2 | Found a sparkling altar of Nemelex Xobeh.
 50074 | Depths:2 | Found a radiant altar of Vehumet.
 50086 | Depths:2 | Acquired a +0 hat of see invisible
 50274 | Depths:2 | Identified the staff "Vecofraw" {Str+2 Conj}
 50428 | Depths:2 | Noticed Sojobo
 50438 | Depths:2 | Killed Sojobo
 50869 | Depths:2 | Found a one-way gate leading to the halls of Pandemonium.
 50991 | Depths:3 | Reached skill level 22 in Armour
 51132 | Depths:3 | Noticed a caustic shrike
 51141 | Depths:3 | Killed a caustic shrike
 51189 | Depths:3 | Reached skill level 20 in Fighting
 51385 | Depths:3 | Identified the ring "Naagoats" {Drain rElec AC+4 Int+4}
 51573 | Depths:3 | Received a gift from Okawaru
 51912 | Depths:3 | Identified the ring "Mimesuv" {Ice Drain MP+9 Int+3}
 51912 | Depths:3 | Noticed Josephina
 51921 | Depths:3 | Killed Josephina
 52086 | Depths:3 | Found a one-way gate to the infinite horrors of the Abyss.
 52504 | Depths:4 | Entered Level 4 of the Depths
 52613 | Depths:4 | You pick up a book of Weapons and begin reading...
 52725 | Depths:4 | Noticed a golden dragon
 52729 | Depths:4 | Killed a golden dragon
 52729 | Depths:4 | Identified +0 gold dragon scales
 52745 | Depths:4 | Reached skill level 21 in Fighting
 52782 | Depths:4 | Reached XP level 22. HP: 145/227 MP: 30/34
 52857 | Depths:4 | +0 gold dragon scales {rare}; a golden dragon corpse
 52921 | Depths:4 | Noticed a golden dragon
 52927 | Depths:4 | Killed a golden dragon
 53007 | Depths:4 | Found a gate to the Realm of Zot.
 53282 | Depths:4 | Received a gift from Okawaru
 53786 | Depths:4 | You pick up a book of Conjurations {@e2} and begin
                  | reading...
 53991 | Depths:4 | Identified the +0 robe of Amorality {rF+}
 54003 | Depths:4 | Identified the +2 plate armour "Isafir" {Dex+5}
 54168 | Depths:4 | Found a white marble altar of Elyvilon.
 54601 | Depths:4 | Reached skill level 22 in Fighting
 55062 | Vaults:5 | Entered Level 5 of the Vaults
 55081 | Vaults:5 | Identified the ring "Ankoisch" {rPois MP+9 Str+3 Int+4}
 55171 | Vaults:5 | Reached skill level 9 in Dodging
 55179 | Vaults:5 | Received a gift from Okawaru
 55445 | Vaults:5 | Noticed an ancient lich
 55450 | Vaults:5 | Killed an ancient lich
 55451 | Vaults:5 | Reached skill level 10 in Dodging
 55632 | Vaults:5 | Received a gift from Okawaru
 55633 | Vaults:5 | Reached skill level 9 in Invocations
 55767 | Vaults:5 | Got a silver rune of Zot
 55940 | Vaults:5 | Identified the ring "Ocyerhai" {rPois Dex+6}
 55998 | Vaults:5 | Noticed Mara
 56006 | Vaults:5 | Reached skill level 10 in Invocations
 56047 | Vaults:5 | Identified the +8 flail "Spiderbane" {flame, rC- Str+3
                  | Stlth+}
 56112 | Vaults:5 | Identified the +8 crystal plate armour of Vlad {rF+ Will++
                  | MP+9}
 56127 | Vaults:5 | Reached skill level 11 in Dodging
 56132 | Vaults:5 | U - the +8 crystal plate armour of Vlad {rF+ Will++ MP+9,
                  | rare=g}
 56176 | Vaults:5 | Identified the +1 scale mail "Giminuek" {rC+ rCorr Dex+7}
 56182 | Vaults:5 | You pick up a book of Conjurations {@e2} and begin
                  | reading...
 56187 | Vaults:5 | Identified the staff "Efomesk" {rElec rPois rF+ Will++
                  | Fire}
 56201 | Vaults:5 | Identified the serpent talisman of Xodwi {rN+}
 56229 | Vaults:5 | Received a gift from Okawaru
 56244 | Vaults:5 | Noticed a golden dragon
 56299 | Vaults:5 | Reached XP level 23. HP: 96/223 MP: 18/35
 56300 | Vaults:5 | +0 shadow dragon scales {rare}; a shadow dragon corpse
 56303 | Vaults:5 | +0 shadow dragon scales {rare}; a shadow dragon corpse
 56314 | Vaults:5 | +0 shadow dragon scales {rare}; a shadow dragon corpse
 56420 | Vaults:5 | Noticed a dread lich
 56426 | Vaults:5 | Noticed MackTheKnife's illusion
 56434 | Vaults:5 | Killed Mara
 56437 | Vaults:5 | Killed a dread lich
 56438 | Vaults:5 | Reached skill level 11 in Invocations
 56442 | Vaults:5 | Reached skill level 12 in Dodging
 56564 | Vaults:5 | Noticed an ancient lich
 56663 | Vaults:5 | Killed an ancient lich
 57036 | Vaults:5 | You pick up a book of Party Tricks and begin reading...
 57036 | Vaults:5 | You add the spells Apportation, Jinxbite and Alistair's
                  | Intoxication to your library.
 57053 | Vaults:5 | Learned a level 2 spell: Blink
 57055 | Vaults:5 | Learned a level 1 spell: Apportation
 57060 | Vaults:5 | Learned a level 4 spell: Passage of Golubria
 57096 | Vaults:5 | Identified +0 gold dragon scales
 57127 | Vaults:5 | +0 gold dragon scales {rare}; a golden dragon corpse
 57190 | Vaults:5 | Received a gift from Okawaru
 57335 | Vaults:5 | You add the spells Borgnjor's Vile Clutch and Eringya's
                  | Noxious Bog to your library.
 57473 | Vaults:5 | Reached skill level 12 in Invocations
 57590 | Vaults:5 | Reached skill level 13 in Dodging
 57644 | Vaults:5 | You pick up a book of the Warp and begin reading...
 57644 | Vaults:5 | You add the spells Dispersal and Disjunction to your
                  | library.
 57648 | Vaults:5 | Identified the +4 chain mail "Ukeuplao" {Regen+}
 57651 | Vaults:5 | You pick up a book of Blasting and begin reading...
 57654 | Vaults:5 | Identified the +6 long sword of Destiny {drain, rElec rC+
                  | Str+5}
 57669 | Vaults:5 | You finish putting on the +8 crystal plate armour of Vlad
                  | {rF+ Will++ MP+9, rare=g}.
 58174 | Depths:3 | magus.rc [v1.9.6]
 58464 | Orc:2    | Bought 2 scrolls of blinking for 240 gold pieces
 58464 | Orc:2    | Bought a scroll of blinking for 120 gold pieces
 58464 | Orc:2    | Bought a scroll of teleportation for 48 gold pieces
 58977 | Zot:1    | Entered Level 1 of the Realm of Zot
 58979 | Zot:1    | magus.rc [v1.9.6]
 59191 | Zot:1    | Noticed an electric golem
 59204 | Zot:1    | Killed an electric golem
 59300 | Zot:1    | +0 shadow dragon scales {rare}; a shadow dragon corpse
 59307 | Zot:1    | Reached skill level 14 in Dodging
 61406 | Zot:1    | Received a gift from Okawaru
 61516 | Zot:1    | Reached skill level 15 in Dodging
 61817 | Zot:1    | Noticed an orb of fire
 61820 | Zot:1    | Killed an orb of fire
 61870 | Zot:1    | Identified +0 gold dragon scales
 61872 | Zot:1    | +0 gold dragon scales {rare}; a golden dragon corpse
 62169 | Zot:1    | a +1 scimitar of flaming {long}; +0 gold dragon scales
                  | {rare}; a golden dragon skeleton
 62208 | Zot:1    | Reached XP level 24. HP: 247/247 MP: 35/35
 62242 | Zot:1    | Identified the +5 sling of Ashenzari's Outrage {freeze,
                  | Will+}
 62620 | Zot:1    | a +1 scimitar of flaming {long}; +0 gold dragon scales
                  | {rare}
 62634 | Zot:1    | Identified the amulet of the Ageless Youths {Faith *Corrode
                  | +Blink SInv Stlth+}
 62724 | Zot:2    | Reached skill level 16 in Dodging
 62726 | Zot:2    | Received a gift from Okawaru
 62838 | Zot:2    | Identified +0 gold dragon scales
 62840 | Zot:2    | +0 gold dragon scales {rare}; a +0 short sword {short}; a
                  | golden dragon corpse
 63036 | Zot:3    | Noticed an orb of fire
 63037 | Zot:3    | Gained mutation: Your body sometimes deteriorates upon
                  | taking damage. [an orb of fire]
 63038 | Zot:3    | Lost mutation: You possess an exceptional clarity of mind.
                  | [an orb of fire]
 63045 | Zot:3    | Killed an orb of fire
 63056 | Zot:4    | Identified the "Fipup"
 63056 | Zot:4    | Noticed an orb of fire
 63090 | Zot:4    | Identified +0 gold dragon scales
 63357 | Zot:4    | Noticed an orb of fire
 63376 | Zot:4    | Killed an orb of fire
 63541 | Zot:3    | Reached skill level 17 in Dodging
 63709 | Zot:4    | Killed an orb of fire
 63835 | Zot:5    | Entered Level 5 of the Realm of Zot
 63837 | Zot:5    | Noticed a Killer Klown
 63840 | Zot:5    | a Killer Klown changed into a shard shrike
 63840 | Zot:5    | Noticed a shard shrike
 63842 | Zot:5    | Killed a shard shrike
 64220 | Zot:5    | Noticed a Killer Klown
 64226 | Zot:5    | Noticed a Killer Klown
 64227 | Zot:5    | Noticed an orb of fire
 64229 | Zot:5    | Killed a Killer Klown
 64230 | Zot:5    | Noticed an ancient lich
 64231 | Zot:5    | Noticed a dread lich
 64232 | Zot:5    | Killed an ancient lich
 64232 | Zot:5    | Killed an orb of fire
 64233 | Zot:5    | Reached skill level 17 in Shields
 64240 | Zot:5    | Killed a dread lich
 64261 | Zot:5    | Killed a Killer Klown
 64439 | Zot:5    | Noticed a Killer Klown
 64449 | Zot:5    | Killed a Killer Klown
 64532 | Zot:5    | Noticed an electric golem
 64543 | Zot:5    | Killed an electric golem
 64608 | Zot:5    | Noticed a Killer Klown
 64619 | Zot:5    | Killed a Killer Klown
 64619 | Zot:5    | Received a gift from Okawaru
 64620 | Zot:5    | Reached skill level 18 in Shields
 64816 | Zot:5    | Noticed a Killer Klown
 64825 | Zot:5    | Killed a Killer Klown
 65056 | Zot:5    | Reached skill level 19 in Shields
 65058 | Zot:5    | Reached XP level 25. HP: 254/254 MP: 35/35
 65064 | Zot:5    | Got the Orb of Zot
 65078 | Zot:5    | Noticed a Killer Klown
 65084 | Zot:5    | a Killer Klown changed into a titan
 65493 | D:7      | Noticed Suga Xid the pandemonium lord
 65640 | D:$      | Escaped with the Orb!

Vanquished Creatures
  2 dread liches
  3 ancient liches
  5 orbs of fire
  Mara (Vaults:5)
  Josephina (Depths:3)
  Sojobo (Depths:2)
  A shard shrike (Zot:5)
  5 Killer Klowns (Zot:5)
  Vashnia (Snake:2)
  Bai Suzhen (Snake:3)
  A caustic shrike (Depths:3)
  Xtahua (Vaults:3)
  7 golden dragons
  Nikola (Snake:3)
  A profane servitor (D:4)
  A bone dragon (Depths:4)
  2 electric golems
  8 tentacled monstrosities
  A hellephant (Depths:1)
  8 titans
  6 liches
  22 Orb Guardians
  Asterion (Depths:1)
  3 deep elf master archers (Elf:3)
  9 sphinxes
  2 deep elf blademasters (Elf:3)
  5 quicksilver dragons
  A walking frostbound tome (Depths:4)
  4 death cobs
  An Executioner (D:11)
  Kirke (Shoals:3)
  7 storm dragons
  A kraken (Shoals:2)
  5 draconian monks
  Aizul (Snake:3)
  8 tengu reavers
  9 shadow dragons
  5 nagarajas
  10 draconian knights
  Louise (Arena)
  19 vault wardens
  9 deep elf sorcerers
  5 fire giants
  5 frost giants
  A ghost moth (shapeshifter) (Depths:4)
  A ghost moth (Zot:5)
  5 deep elf elementalists (Elf:3)
  7 draconian scorchers
  2 iron dragons (Vaults:5)
  8 draconian annihilators
  2 orc warlords
  An angel (D:2)
  3 draconian stormcallers
  5 draconian shifters
  6 war gargoyles
  19 very ugly things
  A quicksilver ooze (shapeshifter) (Vaults:5)
  4 vampire knights
  A formless jellyfish (Vaults:2)
  14 ironbound preservers
  5 ironbound thunderhulks
  9 stone giants
  7 deep elf demonologists
  8 green draconians
  8 black draconians
  3 deep elf annihilators
  8 purple draconians
  11 white draconians
  Azrael (Elf:2)
  10 yellow draconians
  9 dire elephants
  19 red draconians
  4 spark wasps (Depths:3)
  8 deep elf death magi
  12 ettins
  2 green deaths (Depths:2)
  2 crystal guardians
  4 entropy weavers
  7 merfolk javelineers
  8 merfolk impalers
  Fannar (D:11)
  16 yaktaur captains
  4 fire dragons
  4 hydras
  9 ice dragons
  14 deep elf high priests
  32 vault guards
  3 salamander tyrants (Snake:4)
  5 great orbs of eyes
  Harold (Orc:1)
  A hell beast (Depths:2)
  A great orb of eyes (shapeshifter) (Vaults:5)
  4 peacekeepers
  5 spriggan air magi
  Erolcha (D:9)
  5 centaur warriors
  2 ogre magi (Orc:2)
  3 two-headed ogres
  3 merfolk avatars
  5 alligator snapping turtles
  2 catoblepae
  3 hell hogs (Depths:1)
  9 ironbound frosthearts
  3 death yaks (Lair:5)
  12 naga warriors
  8 merfolk aquamancers
  4 tengu warriors
  7 anacondas
  2 boulder beetles
  2 vampire magi
  9 deep troll shamans
  12 dancing weapons
  5 deep troll earth magi
  12 naga sharpshooters
  7 hell knights (Depths:2)
  2 satyrs
  5 occultists (D:13)
  3 shock serpents
  An orc high priest (D:11)
  2 spriggan berserkers
  6 deep elf knights
  A soul eater (Depths:2)
  Nergalle (Orc:2)
  6 iron trolls
  A shadow wraith (Vaults:5)
  7 skysharks
  A sixfirhy (Depths:2)
  A spark wasp zombie (Depths:1)
  2 glowing orange brains
  7 skeletal warriors
  5 salamander mystics
  A quicksilver dragon simulacrum (Depths:3)
  8 lindwurms
  36 deep trolls
  A flayed ghost (Depths:3)
  8 deep elf archers
  14 sea snakes
  16 ironbound convokers
  3 naga ritualists
  11 arcanists
  4 phantasmal warriors
  4 necromancers
  5 harpies
  16 deep elf pyromancers
  14 orc knights
  38 ugly things
  23 deep elf zephyrmancers
  10 mana vipers
  10 cyclopes
  A fire giant zombie (Depths:1)
  10 fauns
  10 orc sorcerers
  15 moths of wrath
  19 manticores
  8 elephants (Lair:5)
  A rust devil (Depths:2)
  23 naga magi
  48 black mambas
  23 salamanders
  7 water nymphs
  7 merfolk sirens
  18 vault sentinels
  3 guardian serpents
  A frost giant skeleton (Depths:1)
  14 cane toads
  2 orange demons
  A stone giant skeleton (Depths:1)
  2 gargoyles (D:13)
  3 smoke demons
  A storm dragon simulacrum (Depths:3)
  2 unseen horrors
  Psyche (D:9)
  A kobold demonologist (D:13)
  5 rime drakes
  12 komodo dragons
  4 centaur skeletons (D:13)
  3 freezing wraiths
  2 efreet
  An ice devil (D:1)
  26 yaktaurs
  2 tormentors
  2 hellwings (Zot:5)
  3 red devils
  4 trolls
  3 meliai (D:13)
  4 polar bears
  17 merfolk
  5 wind drakes
  2 large abominations (D:11)
  Grinder (D:6)
  A glass eye (Depths:4)
  2 hornets (Depths:4)
  9 blink frogs
  A shadow dragon simulacrum (Depths:3)
  11 dream sheep
  34 slime creatures
  5 snapping turtles
  A fire giant simulacrum (Depths:3)
  21 water elementals
  2 air elementals (Elf:3)
  A shadow (D:12)
  2 wyverns
  2 spriggans (Depths:4)
  Eustachio (D:4)
  47 yaks
  2 fire bats (Depths:3)
  A human (Shoals:3)
  4 wraiths
  5 hogs
  3 steam dragons
  7 basilisks
  25 fire elementals
  A chaos spawn (Depths:2)
  13 vampire mosquitoes
  58 nagas
  5 redbacks
  7 wargs
  An acid dragon (D:12)
  4 hell hounds (Elf:2)
  15 water moccasins
  A sky beast (D:8)
  16 orc warriors
  2 black bears
  2 ice beasts
  13 ogres
  27 wolves
  4 boggarts (Vaults:2)
  11 centaurs
  A phantom (D:5)
  7 kobold brigands
  14 bullfrogs
  2 gnoll sergeants
  2 earth elementals
  18 wights
  6 killer bees (D:11)
  6 howler monkeys
  A crimson imp (D:9)
  2 hounds
  12 orc priests
  7 jellies
  A gnoll bouda (D:5)
  4 iguanas
  2 sleepcaps
  Ijyb (D:3)
  37 orc wizards
  A hell rat (Lair:5)
  8 gnolls
  4 adders
  5 river rats (Sewer)
  4 shadow imps
  2 white imps (D:7)
  An ufetubus (D:7)
  A worm (D:6)
  A dart slug (D:4)
  58 orcs
  7 endoplasms
  4 giant cockroaches
  5 goblins
  9 hobgoblins
  2 jackals (D:3)
  4 quokkas
  3 ball pythons
  2 bats
  3 frilled lizards
  31 kobolds
  25 rats
  A butterfly (Depths:4)
  A tentacle (Shoals:2)
1895 creatures vanquished.

Vanquished Creatures (others)
  A ghost moth (Zot:1)
  A vampire knight (Depths:3)
  A black mamba (Snake:3)
  An unseen horror (D:11)
  A red devil (D:7)
  A naga (Snake:2)
  A howler monkey (D:14)
  An orc (Vaults:5)
  4 tentacles (Shoals:2)
12 creatures vanquished.

Grand Total: 1907 creatures vanquished

Table legend:
 A = Non-vault XP
 B = Vault XP
 C = Vault XP percentage of total XP
 D = Non-vault monster count
 E = Vault monster count
 F = Vault count percentage of total count
                 A         B        C        D         E       F
            +---------+---------+-------+---------+---------+-------
      Total |  616359 |  530156 |  46.2 |    1207 |     676 |  35.9
            +---------+---------+-------+---------+---------+-------
        D:1 |      19 |       0 |   0.0 |      12 |       0 |   0.0
        D:2 |      18 |       4 |  18.2 |      11 |       2 |  15.4
        D:3 |      49 |      35 |  41.7 |      20 |       1 |   4.8
        D:4 |     304 |     285 |  48.4 |      10 |       5 |  33.3
        D:5 |    1767 |     122 |   6.5 |      32 |       1 |   3.0
        D:6 |    1533 |     284 |  15.6 |      27 |       3 |  10.0
        D:7 |    1289 |     227 |  15.0 |      11 |       3 |  21.4
        D:8 |    2839 |     372 |  11.6 |      20 |       1 |   4.8
        D:9 |    1692 |    1952 |  53.6 |      19 |       4 |  17.4
       D:10 |    1599 |       0 |   0.0 |       9 |       0 |   0.0
       D:11 |    6329 |     904 |  12.5 |      43 |       1 |   2.3
       D:12 |    4786 |       0 |   0.0 |      18 |       0 |   0.0
       D:13 |    6748 |   12738 |  65.4 |      15 |      30 |  66.7
       D:14 |    9598 |       0 |   0.0 |      29 |       0 |   0.0
       D:15 |   12152 |    2667 |  18.0 |      21 |       3 |  12.5
     Lair:1 |    4930 |    1175 |  19.2 |      20 |       3 |  13.0
     Lair:2 |    5991 |    2174 |  26.6 |      25 |       6 |  19.4
     Lair:3 |    7927 |       0 |   0.0 |      40 |       0 |   0.0
     Lair:4 |    3210 |    2083 |  39.4 |      14 |       8 |  36.4
     Lair:5 |   12012 |   10563 |  46.8 |      39 |      21 |  35.0
   Shoals:1 |   15209 |    1176 |   7.2 |      31 |       3 |   8.8
   Shoals:2 |   14144 |     220 |   1.5 |      26 |       1 |   3.7
   Shoals:3 |    8189 |    5621 |  40.7 |      17 |      12 |  41.4
   Shoals:4 |    7821 |   25671 |  76.6 |      15 |      39 |  72.2
    Snake:1 |   17392 |    7112 |  29.0 |      42 |      16 |  27.6
    Snake:2 |   12918 |   13073 |  50.3 |      31 |      18 |  36.7
    Snake:3 |   14100 |    7831 |  35.7 |      25 |       7 |  21.9
    Snake:4 |   17589 |   17302 |  49.6 |      34 |      34 |  50.0
      Orc:1 |    1008 |     871 |  46.4 |      21 |       1 |   4.5
      Orc:2 |    3762 |    7233 |  65.8 |      30 |      34 |  53.1
      Elf:1 |   16332 |   10385 |  38.9 |      28 |      16 |  36.4
      Elf:2 |    4659 |    3434 |  42.4 |       7 |       8 |  53.3
      Elf:3 |   14441 |   41498 |  74.2 |      24 |      37 |  60.7
   Vaults:1 |   19077 |   17789 |  48.3 |      27 |      20 |  42.6
   Vaults:2 |   26803 |   22636 |  45.8 |      41 |      26 |  38.8
   Vaults:3 |   23845 |   11102 |  31.8 |      35 |      13 |  27.1
   Vaults:4 |   30199 |   20490 |  40.4 |      50 |      26 |  34.2
   Vaults:5 |   24145 |  123297 |  83.6 |      38 |     102 |  72.9
   Depths:1 |   19699 |    6144 |  23.8 |      28 |       5 |  15.2
   Depths:2 |   11780 |   17541 |  59.8 |      14 |      22 |  61.1
   Depths:3 |   33031 |   27435 |  45.4 |      40 |      25 |  38.5
   Depths:4 |   33576 |   19570 |  36.8 |      37 |      16 |  30.2
      Zot:1 |   74375 |   17139 |  18.7 |      65 |      30 |  31.6
      Zot:2 |   15885 |       0 |   0.0 |      12 |       0 |   0.0
      Zot:3 |   19608 |    2038 |   9.4 |      13 |       1 |   7.1
      Zot:4 |   28632 |       0 |   0.0 |      20 |       0 |   0.0
      Zot:5 |   23348 |   66485 |  74.0 |      21 |      30 |  58.8
      Sewer |       0 |     217 | 100.0 |       0 |      41 | 100.0
      Arena |       0 |    1261 | 100.0 |       0 |       1 | 100.0
            +---------+---------+-------+---------+---------+-------

Skill      XL: |  1  2  3  4  5  6  7  8  9 10 11 12 13 14 15 16 17 18 19 20 21 22 23 24 |
---------------+-------------------------------------------------------------------------+-----
Maces & Flails | 2 3 4 5 6 8 11 12 14 16 | 16.0
Stealth        | 2 3 |  3.0
Evocations     | 3 |  3.0
Fighting       | 3 4 5 6 8 9 11 12 13 15 16 17 18 21 22 | 22.0
Armour         | 4 7 9 12 17 18 20 22 | 22.0
Shields        | 5 9 15 16 19 | 19.4
Invocations    | 2 6 8 10 12 | 12.0
Dodging        | 1 5 6 8 11 15 17 | 17.5
Translocations | 8 12 | 12.0
Spellcasting   | 4 6 |  6.0

Action                     |  1- 3 |  4- 6 |  7- 9 | 10-12 | 13-15 | 16-18 | 19-21 | 22-24 | 25-27 || total
---------------------------+-------+-------+-------+-------+-------+-------+-------+-------+-------++-------
  Melee: Flail             |    91 |    46 |   103 |   986 |   127 |       |       |       |       ||  1353
         Tailslap          |     9 |     3 |    78 |   184 |   160 |   227 |   164 |   134 |     9 ||   968
         Whip              |       |       |   268 |    60 |       |       |       |       |       ||   328
         Eveningstar       |       |       |       |       |   877 |  1155 |  1199 |  1263 |    47 ||  4541
         Kick              |       |       |       |       |       |       |   102 |   258 |    13 ||   373
         Headbutt          |       |       |       |       |       |       |    63 |   176 |     6 ||   245
  Throw: Dart              |       |     7 |     7 |    38 |     7 |       |       |       |       ||    59
         Boomerang         |       |       |       |       |     3 |       |       |       |       ||     3
   Cast: Manifold Assault  |       |       |       |       |       |       |   156 |   384 |     7 ||   547
 Invoke: Heroism           |       |       |       |     4 |    10 |    25 |    22 |    12 |     1 ||    74
         Finesse           |       |       |       |       |     8 |    12 |    11 |    12 |     1 ||    44
         Receive Weapon    |       |       |       |       |     1 |       |       |       |       ||     1
         Receive Armour    |       |       |       |       |     1 |       |       |       |       ||     1
         Duel              |       |       |       |       |     1 |       |       |       |       ||     1
  Evoke: Wand              |       |     6 |    13 |       |     6 |     2 |     2 |     4 |     2 ||    35
         Lightning rod     |       |       |       |       |       |     4 |       |       |       ||     4
    Use: Scroll            |     4 |       |     8 |    12 |    13 |     7 |    17 |    12 |     1 ||    74
         Potion            |     1 |       |     2 |     7 |     3 |     1 |     4 |     4 |     3 ||    25
   Stab: Sleeping          |       |       |     6 |     2 |     3 |     3 |       |       |       ||    14
         Distracted        |       |       |     1 |       |     1 |     3 |       |       |       ||     5
         Petrified         |       |       |       |       |     2 |     2 |       |       |       ||     4
 Armour: Scale mail        |     7 |       |       |   180 |     9 |       |       |       |       ||   196
         Ring mail         |    43 |    39 |   191 |   578 |       |       |       |       |       ||   851
         Chain mail        |       |       |       |       |   801 |       |       |       |       ||   801
         Skin              |       |       |       |       |     2 |       |       |       |       ||     2
         Robe              |       |       |       |       |   150 |   278 |       |       |       ||   428
         Storm dragon scal |       |       |       |       |       |   756 |   777 |   294 |       ||  1827
         Crystal plate arm |       |       |       |       |       |       |       |   378 |    18 ||   396
  Dodge: Dodged            |    24 |    10 |    70 |   303 |   209 |   360 |   210 |   181 |     4 ||  1371
  Block: Buckler           |    15 |     8 |    41 |   196 |   131 |       |       |       |       ||   391
         Kite shield       |       |       |       |       |   391 |  1126 |   597 |   522 |    31 ||  2667
         Reflection        |       |       |       |       |    33 |   143 |    39 |    25 |     2 ||   242

Illustrated notes

Table legend:
 A = Kills in this place as a percentage of kills in the entire game.
 B = Kills by you in this place as a percentage of kills by you in the entire game.
 C = Kills by friends in this place as a percentage of kills by friends in the entire game.
 D = Other kills in this place as a percentage of other kills in the entire game.
 E = Experience gained in this place as a percentage of experience gained in the entire game.
 F = Experience gained in this place divided by the number of levels of this place that you have seen.
                   A       B       C       D       E      F
               +-------+-------+-------+-------+-------+----------------------
         Total | 100.0 | 100.0 |   N/A | 100.0 | 100.0 | 23137.9
       Dungeon |  19.0 |  19.0 |   N/A |  20.0 |   6.9 | 5286.1
          Lair |   9.3 |   9.3 |   N/A |   0.0 |   4.3 | 10013.0
        Shoals |   7.6 |   7.6 |   N/A |   0.0 |   6.7 | 19512.8
     Snake Pit |  10.9 |  10.9 |   N/A |  20.0 |   9.3 | 26829.2
  Orcish Mines |   4.5 |   4.5 |   N/A |   0.0 |   1.1 | 6437.0
   Elven Halls |   6.3 |   6.3 |   N/A |   0.0 |   7.8 | 30249.7
        Vaults |  19.9 |  19.9 |   N/A |  20.0 |  27.6 | 63876.6
        Depths |   9.9 |   9.8 |   N/A |  20.0 |  14.6 | 42194.0
           Zot |  10.3 |  10.3 |   N/A |  20.0 |  21.5 | 49782.4
         Sewer |   2.2 |   2.2 |   N/A |   0.0 |   0.0 | 217.0
         Arena |   0.1 |   0.1 |   N/A |   0.0 |   0.1 | 1261.0
               +-------+-------+-------+-------+-------+----------------------

Table legend: (Time is in decaauts)
 A = Elapsed time spent in this place.
 B = Non-inter-level travel time spent in this place.
 C = Inter-level travel time spent in this place.
 D = Time resting spent in this place.
 E = Time spent auto-exploring this place.
 F = Levels seen in this place.
 G = Mean time per level.
                   A        B        C        D        E       F      G
               +--------+--------+--------+--------+--------+-----+--------+
         Total |  65355 |  57675 |   7680 |  11937 |  31437 |  50 | 1307.1 |
       Dungeon |  17115 |  14282 |   2833 |   2684 |   7616 |  15 | 1141.0 |
        Temple |    106 |      1 |    105 |      0 |      0 |   1 |  106.0 |
          Lair |   9091 |   8069 |   1022 |   2332 |   3553 |   5 | 1818.2 |
        Shoals |   4292 |   4106 |    186 |    592 |   2644 |   4 | 1073.0 |
     Snake Pit |   6513 |   6054 |    459 |   1360 |   3046 |   4 | 1628.2 |
  Orcish Mines |   2754 |   2023 |    731 |    460 |    898 |   2 | 1377.0 |
   Elven Halls |   4004 |   3595 |    409 |    557 |   2404 |   3 | 1334.7 |
        Vaults |   9495 |   8533 |    962 |   1372 |   5371 |   5 | 1899.0 |
        Depths |   6676 |   5764 |    912 |    740 |   4082 |   4 | 1669.0 |
           Zot |   4742 |   4685 |     57 |   1771 |   1763 |   5 |  948.4 |
         Sewer |    543 |    543 |      0 |     59 |     60 |   1 |  543.0 |
         Arena |     20 |     20 |      0 |      8 |      0 |   1 |   20.0 |
               +--------+--------+--------+--------+--------+-----+--------+

Top non-repeatable levels by time:
Depths:4: 2611 daAuts
Vaults:5: 2499 daAuts
   Zot:1: 2315 daAuts
  Lair:2: 2306 daAuts
  Lair:1: 2263 daAuts
Vaults:4: 2126 daAuts
  Lair:5: 2057 daAuts
   Orc:2: 2027 daAuts
   Elf:3: 1968 daAuts
 Snake:1: 1945 daAuts
     D:8: 1908 daAuts
 Snake:4: 1897 daAuts
    D:13: 1773 daAuts
     D:5: 1714 daAuts
Vaults:1: 1676 daAuts
